Construct Section Command Post
Selects Heavy Armor Battlegroup
Construct Field Infirmary
Selects Rigorous Vehicle Training
Selects Forward Repair Assembly
Construct Platoon Command Post
Unlock Bishop Self-propelled Artillery
Selects Light Vehicle Withdraw and Refit
Bishop Self-propelled Artillery
Light Vehicle Withdraw and Refit
6-pounder Anti-tank Gun Team
Bishop Self-propelled Artillery
6-pounder Anti-tank Gun Team
Construct Company Command Post